Map: Winter's Gate LE

Players

CowInAPie

  • Race: Terran Terran
  • Spawn Location: 11:00

Mannered - Winner!

  • Race: Terran Terran
  • League: Diamond
  • Spawn Location: 5:00

VOD

Have the link to the VOD?

Description

Time

  • Played on: Oct. 5, 2019, 2:34 p.m.
  • Length: 10:15
Show
View Real Time Build Order
Export as new Build Order

CowInAPie Terran 

Build Orders: Reaper Expand 

Get SALT Encoding   

  12  0:00  SCV  
  13  0:12  SCV  
  14  0:17  Supply Depot  
  14  0:25  SCV  
  15  0:39  SCV  
  15  0:40  Barracks  
  16  0:46  Refinery  
  16  0:51  SCV  
  17  1:03  SCV  
  18  1:15  SCV  
  19  1:27  Orbital Command  
  19  1:30  Reaper  
  20  1:41  Command Center  
  20  1:49  Refinery  
  20  1:53  SCV  
  21  2:02  Supply Depot  
  21  2:03  Barracks Reactor  
  21  2:06  SCV  
  22  2:18  SCV  
  22  2:22  Factory  
  23  2:40  Marine x2  
  23  2:42  SCV  
  25  2:50  Supply Depot  
  25  2:52  Orbital Command  
  25  2:59  Marine x2  
  25  3:02  SCV  
  28  3:06  Hellion, Starport  
  30  3:14  SCV  
  30  3:19  SCV  
  32  3:26  SCV  
  32  3:28  Barracks  
  32  3:33  Marine x2  
  33  3:35  SCV  
  33  3:36  Factory Tech Lab  
  33  3:38  SCV  
  35  3:44  Starport Tech Lab  
  35  3:47  SCV  
  36  3:49  Barracks  
  36  3:50  SCV  
  36  3:52  Marine  
  36  3:54  Marine  
  39  3:59  SCV  
  39  4:02  SCV  
  38  4:05  Siege Tank  
  36  4:15  Banshee  
  35  4:24  SCV x2  
  33  4:25  Marine x2  
  33  4:26  Marine  
  31  4:39  Barracks Tech Lab  
  31  4:40  SCV x2  
  29  4:52  SCV  
  29  4:53  SCV  
  30  5:00  Viking  
  30  5:01  Barracks Reactor  
  30  5:05  SCV x2  
  34  5:15  Engineering Bay  
  34  5:17  SCV  
  34  5:19  SCV  
  34  5:20  Marine x2  
  38  5:29  SCV  
  39  5:43  SCV x2  
  39  5:47  Marine x4  
  39  5:48  Marine  
  46  5:53  Command Center  
  46  5:58  Medivac, Siege Tank  
  46  6:03  SCV x2  
  53  6:16  Supply Depot x2  
  53  6:17  SCV  
  54  6:19  SCV  
  54  6:20  Marine x2  
  54  6:29  Barracks  
  54  6:37  Medivac, Marine x3, SCV, Terran Infantry Weapons Level 1  
  54  6:39  Supply Depot  
  60  6:42  Refinery  
  60  6:53  SCV x2  
  62  7:02  Sensor Tower  
  62  7:05  Orbital Command  
  62  7:06  SCV x2  
  64  7:14  Sensor Tower  
  64  7:15  Marine x3  
  65  7:16  Marine x2  
  65  7:18  SCV x2  
  65  7:20  Siege Tank  
  74  7:23  Medivac  
  76  7:30  SCV x2  
  76  7:33  Marine  
  76  7:35  Refinery  
  79  8:02  Stimpack  
  78  8:11  Marine x4, Marauder  
  79  8:19  Medivac  
  81  8:21  Barracks Reactor  
  81  8:29  Marine  
  77  8:43  Marine x3, Marauder  
  77  8:46  Marine  
  83  8:49  Medivac, Fusion Core  
  83  8:50  Supply Depot x2  
  83  8:53  Starport  
  85  9:01  Marine  
  63  9:29  Marine x6, Marauder  
  59  9:31  Siege Tank  
  59  9:32  Orbital Command  
  52  9:46  Marine  
  52  9:47  Marine x5  
  52  9:50  Marine  
  52  9:51  Starport Reactor  
Show
View Real Time Build Order
Export as new Build Order

Mannered Terran - Winner!

Build Orders:  

Get SALT Encoding   

  12  0:00  SCV  
  13  0:12  SCV  
  14  0:17  Supply Depot  
  14  0:25  SCV  
  14  0:28  Refinery  
  15  0:39  SCV  
  16  0:45  Barracks  
  16  0:51  SCV  
  17  1:03  SCV  
  18  1:15  SCV  
  18  1:18  Refinery  
  19  1:32  Orbital Command  
  19  1:35  Reaper  
  20  1:45  Supply Depot  
  20  1:53  Factory  
  20  1:59  SCV  
  21  2:08  Reaper  
  22  2:16  Command Center  
  22  2:22  SCV  
  23  2:34  SCV  
  24  2:38  Hellion  
  24  2:40  Reaper  
  27  2:46  SCV  
  27  2:49  Supply Depot  
  28  2:59  Hellion  
  28  3:05  SCV  
  31  3:09  Supply Depot  
  31  3:11  Starport  
  31  3:16  Barracks Tech Lab  
  31  3:17  SCV  
  32  3:21  Factory Reactor  
  32  3:33  Orbital Command  
  31  3:40  SCV  
  32  3:45  Refinery  
  32  3:50  Starport Tech Lab  
  32  3:52  SCV  
  33  4:07  SCV x2  
  35  4:19  SCV x2  
  37  4:31  SCV x2  
  37  4:35  Hellion x2  
  43  4:43  SCV  
  44  4:46  SCV  
  44  4:48  Raven  
  44  4:50  Stimpack, Marauder  
  43  4:56  SCV  
  43  4:57  Barracks  
  43  4:58  Barracks, Supply Depot  
  43  4:59  Barracks  
  44  5:02  Barracks  
  44  5:11  SCV x2, Factory Tech Lab  
  46  5:23  SCV x2  
  46  5:25  Refinery  
  46  5:28  Marauder  
  50  5:31  Raven  
  49  5:44  Siege Tank  
  49  5:47  SCV x2  
  49  5:49  Marine  
  55  5:50  Engineering Bay  
  55  5:56  Barracks Reactor  
  55  5:57  Barracks Tech Lab, Barracks Reactor  
  55  5:58  Barracks Tech Lab  
  55  6:06  Marine  
  55  6:08  SCV x2  
  55  6:22  Marine x2  
  55  6:23  Concussive Shells  
  55  6:24  Marine, SCV  
  55  6:25  SCV  
  60  6:32  Command Center  
  60  6:38  Siege Tank  
  60  6:39  Marine x3, Factory  
  65  6:40  Marine x2  
  65  6:41  Marauder  
  65  6:46  Supply Depot  
  70  6:47  Supply Depot  
  70  6:49  Marine  
  70  6:50  Terran Infantry Weapons Level 1, Supply Depot  
  70  6:51  Supply Depot  
  71  6:54  Medivac  
  71  6:58  Medivac  
  75  7:05  Marine x3  
  78  7:18  SCV x2  
  78  7:20  Marine, Marauder  
  78  7:21  Marine  
  84  7:24  Medivac  
  86  7:48  Marine, Marauder  
  86  7:49  Marine x3, Marauder x2  
  96  7:59  Orbital Command  
  96  8:02  Supply Depot  
  95  8:06  Marine x3  
  95  8:10  Marauder  
  89  8:17  Marine x3  
  92  8:20  Viking x2  
  92  8:21  Orbital Command  
  92  8:22  Siege Tank  
  92  8:24  Marine x3  
  92  8:25  Supply Depot  
  102  8:31  Marine  
  103  8:45  Marine x2  
  103  8:46  Marine x2, Marauder x2  
  111  8:49  Marauder  
  111  8:51  Combat Shield  
  111  8:54  SCV x2  
  111  8:55  SCV  
  115  9:03  Marine x3  
  115  9:04  Marine  
  115  9:07  Marauder x2  
  120  9:10  Marine  
  102  9:24  Marine x3  
  102  9:25  Marine  
  102  9:28  Marine, Marauder x2  
  106  9:33  Siege Tank x2  
  106  9:34  Viking x2  
  114  9:42  Marine x4  
  114  9:43  SCV x3  
  121  9:55  SCV  
Tags
 
Add a new tag
Caveats
  • Supply blocks, unpowered buildings, or Contaminate may cause inaccurate times.
  • Supply counts are checked every 10 seconds.